Watta, lawful female dwarven Valkyrie ------ ----- |....| |...| |.```----...| |.``.......`| |.`--->---..| |---------.--- |.....<|.i...| |..----|..@..| --.| |..`f.| |.-----.q...| |...........| |..---------- ---- Watta the Fighter Experience level: 6 Strength: 18/08 Dexterity: 13 Constitution: 19 Intelligence: 9 Wisdom: 12 Charisma: 7 Health: 0(60) Energy: 8(8) Def: 9 Gold: 1158 Moves: 4665 Dungeon seed: 2wLQl65ujRkb0rwt Game ID: Watta_1523152295 Your Inventory: Coins $ - 1158 gold pieces Weapons a - a very rusty +1 long sword (weapon in hand) x - a +0 war hammer (in quiver) B - the blessed +0 Cleaver Armor e - an uncursed +3 small shield (being worn) n - a blessed +3 leather cloak q - an uncursed +0 leather jacket y - a cursed +0 elven mithril-coat (being worn) N - an uncursed +0 orcish helm Comestibles c - 3 uncursed food rations f - 4 uncursed slime molds F - an uncursed lembas wafer G - 3 uncursed eggs S - an uncursed cream pie Scrolls D - an uncursed scroll of confuse monster P - an uncursed scroll of earth Spellbooks p - an uncursed spellbook of detect food E - an uncursed spellbook of sleep Potions g - a blessed potion of sleeping h - an uncursed potion of booze i - a blessed potion of restore ability o - an uncursed potion of water H - an uncursed potion of sleeping I - an uncursed potion of full healing K - a potion of holy water Rings M - an uncursed ring of teleport control Q - a cursed ring of polymorph Wands v - a wand of light (0:12) A - a wand of digging (0:8) C - a wand of lightning (0:7) O - a wand of make invisible (0:4) U - a wand of digging (0:7) Tools l - an uncursed mirror J - an uncursed skeleton key T - an uncursed lock pick Gems r - 2 uncursed worthless pieces of white glass z - an uncursed worthless piece of blue glass Spells and supernatural/magical abilities: Name Level Category Fail Memory W - pray for help -- divine ? -- Your skills at the end: Fighting Skills Weapon Skills dagger [Basic] long sword [Skilled] Spellcasting Skills Final Attributes: You were piously aligned. You were cold resistant. You were poison resistant. You had infravision. You were stealthy. You were unlucky. You are dead. Vanquished creatures: a small mimic a bugbear 3 imps a pony a fog cloud a yellow light a violet fungus 2 golden naga hatchlings a guardian naga hatchling a gray ooze 3 elf zombies 4 giant ants 2 rothes a giant bat 3 orc zombies 2 wererats a werejackal 3 iguanas an acid blob a gas spore 2 hobgoblins 2 giant rats 5 cave spiders a brown mold 2 yellow molds 2 green molds a gnome zombie 6 geckos 10 jackals a fox 8 sewer rats 13 grid bugs 4 lichens 6 newts 97 creatures vanquished. Genocided species: leocrottas 1 species genocided. Voluntary challenges: You had been an atheist until turn 4663. You used a wielded weapon 124 times, starting on turn 32. You read items or engraved 4 times, starting on turn 1095. You genocided 1 type of monster, starting on turn 1095. You never polymorphed an object. You never changed form. You used no wishes. You never split a pudding. You never wrote Elbereth's name. You never violated your personal moral code. Dungeon overview: The Dungeons of Doom: levels 1 to 7 Level 1 a fountain a long staircase Level 2 Level 3 a fountain a long staircase Level 4 a general store, some fountains Level 5 some fountains, a sink Level 6 many fountains Level 7 stairs to Sokoban Sokoban: levels 5 to 6 Level 5 Level 6 <- You were here stairs to The Dungeons of Doom History has recorded: On T:1 you entered the Dungeons of Doom to retrieve the Amulet of Yendor! On T:303 you reached level 2 of The Dungeons of Doom. On T:751 you reached level 3 of The Dungeons of Doom. On T:838 you advanced to experience level 2. On T:1152 you advanced to experience level 3. On T:1177 you reached level 4 of The Dungeons of Doom. On T:1581 you advanced to experience level 4. On T:1675 you reached level 5 of The Dungeons of Doom. On T:2099 you reached level 6 of The Dungeons of Doom. On T:2258 you advanced to experience level 5. On T:2659 you reached level 7 of The Dungeons of Doom. On T:2773 you advanced to experience level 6. On T:3045 you reached level 4 of Sokoban. On T:3354 you reached level 3 of Sokoban. Score breakdown: Gold: 1158 (10422 points) Experience: 6 levels (12456 points) Exploration: 7 levels ( 15.22%) (10954 points) Discoveries: 4 items ( 1.63%) ( 3825 points) Valuables value: (no points given unless you survive) Artifact value: 1500 (10804 points) Variety of kills: 34 monsters ( 8.92%) ( 8961 points) Turncount: 4665 turns (-1252 points) Survival: died (score multiplied by 80%) Total score: 44936 Latest messages: The imp misses. With great effort you move the boulder. The imp hits! The kitten bites! You miss the imp. The imp misses. You hear some noises. The kitten misses. The kitten bites! You miss the imp. The imp misses. The kitten bites! You miss the imp. The imp hits! The kitten bites! (2x) You begin praying to Tyr. The imp hits! The kitten bites! The imp just misses! The kitten bites! The kitten misses. The imp hits! You die... Final status: Farvel Watta the Valkyrie, killed by an imp, while praying... You died in Sokoban on dungeon level 6 with 44936 points, and 1158 pieces of gold, after 4665 moves. You were level 6 with a maximum of 60 hit points when you died.